 Dungeon Crawl Stone Soup version 0.22-a0-136-g83a10e5898 (webtiles) character file.

31406 MrRokkomies the Jinx (level 13, -3/65 HPs)
             Began as a Spriggan Abyssal Knight on Feb 3, 2018.
             Was an Elder of Lugonu.
             Slain by a catoblepas (20 damage)
             ... on level 6 of the Lair of Beasts on Feb 4, 2018.
             The game lasted 01:31:41 (22527 turns).

MrRokkomies the Jinx (Spriggan Abyssal Knight)     Turns: 22527, Time: 01:31:42

Health: -3/65      AC:  8    Str:  8    XL:     13   Next: 25%
Magic:  21/21      EV: 24    Int: 19    God:    Lugonu [****..]
Gold:   903        SH: 10    Dex: 15    Spells: 2/12 levels left

rFire    + . .     SeeInvis +   a - +0 long sword (distort)
rCold    + . .     Gourm    .   o - +3 buckler
rNeg     . . .     Faith    .   i - +1 robe
rPois    +         Spirit   .   V - +2 hat
rElec    .         Reflect  .   k - scarf {rC+ rF+}
rCorr    .         Harm     .   (gloves unavailable)
MR       ++...                  (boots unavailable)
Stlth    ++++......             X - amulet of magic regeneration
HPRegen  0.20/turn              A - +3 ring of protection
MPRegen  0.42/turn              s - ring of poison resistance

@: very quick
A: very small, unfitting armour, see invisible, herbivore, speed 3, slow
metabolism 2
a: Depart the Abyss, Bend Space, Banish, Corrupt, Renounce Religion


You were on level 6 of the Lair of Beasts.
You worshipped Lugonu.
Lugonu was greatly pleased with you.
You were hungry.

You visited 2 branches of the dungeon, and saw 17 of its levels.
You visited the Abyss 1 time.
You also visited: Sewer.

You collected 1603 gold pieces.
You spent 700 gold pieces at shops.

Inventory:

Hand Weapons
 a - a +0 long sword of distortion (weapon)
 b - a +0 blowgun
 l - a +0 short sword of venom
 u - a +2 falchion of holy wrath
 y - a +1 antimagic scimitar
Missiles
 n - 46 poisoned needles
 F - 4 throwing nets (quivered)
 U - 7 curare-tipped needles
Armour
 i - a +1 robe (worn)
 k - a scarf of resistance (worn)
 o - a +3 buckler (worn)
 V - a +2 hat (worn)
Magical Staves
 H - an uncursed staff of power {unknown}
 Q - a cursed staff of cold {unknown}
 T - an uncursed staff of death {unknown}
Jewellery
 d - an uncursed ring of fire
 e - a +3 ring of slaying
 s - a ring of poison resistance (right hand)
 A - a +3 ring of protection (left hand)
 K - an uncursed ring of protection from fire
 X - an amulet of magic regeneration (around neck)
Wands
 t - a wand of acid (15)
 w - a wand of enslavement (23)
 E - a wand of iceblast (21)
 L - a wand of flame (46)
 M - a wand of disintegration (29)
 R - a wand of polymorph (6)
 S - a wand of digging (17)
Scrolls
 h - 9 scrolls of remove curse
 j - 6 scrolls of teleportation
 p - 3 scrolls of identify
 r - 4 scrolls of fog
 x - a scroll of fear
 B - 4 scrolls of immolation
 C - 2 scrolls of blinking
 W - a scroll of magic mapping {unknown}
Potions
 f - a potion of ambrosia
 g - 2 potions of cancellation
 m - 2 potions of lignification
 q - 6 potions of curing
 z - 3 potions of flight
 G - a potion of might
 J - 2 potions of brilliance
 O - a potion of resistance
 P - 2 potions of haste
 Y - a potion of heal wounds
Books
 v - a book of Air

   Spells                             Type                      Level
   a - Shock                          Conjuration/Air              1
   b - Swiftness                      Charms/Air                   2
   c - Static Discharge               Conjuration/Air              3
   d - Airstrike                      Air                          4
   e - Lightning Bolt                 Conjuration/Air              5
 N - a book of Enchantments

   Spells                             Type                      Level
   a - Cause Fear                     Hexes                        4
   b - Yara's Violent Unravelling     Hexes/Transmutation          5
   c - Silence                        Hexes/Air                    5
   d - Deflect Missiles               Charms/Air                   6
   e - Discord                        Hexes                        8
Miscellaneous
 D - a phial of floods
 I - a sack of spiders
Comestibles
 c - 18 rations


   Skills:
 - Level 6.0 Fighting
 - Level 3.7(9.3) Short Blades
 - Level 10.2(10.3) Long Blades
 - Level 9.2 Dodging
 - Level 10.0 Stealth
 - Level 5.1 Shields
 - Level 10.4 Hexes
 * Level 6.3 Necromancy
 * Level 9.4 Invocations


You had 2 spell levels left.
You knew the following spells:

 Your Spells              Type           Power        Failure   Level  Hunger
a - Animate Dead          Necr           N/A          17%         4    #####..
b - Confuse               Hex            #####...     1%          3    ####...
c - Tukima's Dance        Hex            #####...     1%          3    ####...


Dungeon Overview and Level Annotations

Branches:
Dungeon (11/15)            Temple (0/1) D:6            Lair (6/6) D:11
  Swamp (0/4) Lair:3       Spider (0/4) Lair:3          Orc (0/2) D:11
  Slime: Lair:5-6

Altars:
Fedhas
Gozag
Okawaru
Qazlal
Trog
Uskayaw
Wu Jian

Shops:
D:4 =   D:6 :   D:9 !   D:10 *

Annotations:
Lair:3 2 transporters
Abyss:1 Josephine


Innate Abilities, Weirdness & Mutations

You are very small and have problems with some larger weapons.
You are too small for most types of armour.
You have supernaturally acute eyesight. (SInv)
You are a herbivore.
You cover ground extremely quickly.
You need consume almost no food.


Message History

The catoblepas bellows!
You hit the catoblepas but do no damage.
The catoblepas looks slightly unstable.
You hear an angry hiss.
The catoblepas gores you!!
* * * LOW HITPOINT WARNING * * *
You slash the catoblepas!
The catoblepas is lightly wounded.
The catoblepas blinks!
The catoblepas disappears!
You hit the catoblepas but do no damage.
Space warps horribly around the catoblepas!
The catoblepas is moderately wounded.
The catoblepas completely misses you.
You hit the catoblepas but do no damage.
The catoblepas is moderately wounded.
You hit the catoblepas but do no damage.
The catoblepas is moderately wounded.
The catoblepas gores you!!
You die...
Y

# #...P.###...P..
#.#.#...P.........#
..%...............#
..................#
......Y...........#
.........#....P...#
........###..##...
.##....###.YP##
#.... ##.@.# #....
#....# ......
#....# ..#...
#..P.# ####P# ##


You could see a catoblepas.

Vanquished Creatures
  Gastronok (Lair:2)
  Harold (D:10)
  A two-headed ogre (D:11)
  A cyclops (D:11)
  5 spiny frogs
  A gargoyle (D:11)
  2 rime drakes (Lair:5)
  2 komodo dragons
  3 kobold demonologists
  A troll (D:11)
  A slime creature (D:11)
  16 blink frogs
  7 hippogriffs
  6 dream sheep
  Eustachio (D:6)
  3 wraiths (Lair:5)
  16 yaks
  2 wyverns
  A basilisk (Lair:2)
  5 hungry ghosts
  Menkaure (D:7)
  Duvessa (D:6)
  8 porcupines
  8 water moccasins
  2 sky beasts
  Purgy (Sewer)
  3 orc warriors
  2 ice beasts
  5 ogres
  2 black bears
  15 wolves
  A centaur (D:9)
  2 crocodiles
  11 bullfrogs
  Dowan (D:6)
  A scorpion (D:10)
  11 killer bees
  4 electric eels
  3 bullfrog zombies
  6 crimson imps
  2 centaur zombies
  3 jellies
  5 orc priests
  6 hounds
  6 orc wizards
  A quasit (D:10)
  Crazy Yiuf (D:3)
  3 centaur skeletons
  4 iguanas
  4 worker ants
  2 hound zombies
  A hound skeleton (D:6)
  2 worker ant zombies
  14 adders
  A river rat (D:4)
  A shadow imp (D:11)
  An ooze (D:1)
  An adder skeleton (D:5)
  4 worms
  2 dart slugs
  5 leopard geckos
  50 orcs
  13 bats
  10 giant cockroaches
  7 hobgoblins
  19 jackals
  15 kobolds
  3 quokkas
  3 ball pythons
  2 frilled lizards
  9 goblins
  A jackal skeleton (D:5)
  12 rats
377 creatures vanquished.

Vanquished Creatures (collateral kills)
  A death knight (D:11)
  A hungry ghost (D:11)
2 creatures vanquished.

Vanquished Creatures (others)
  A two-headed ogre (D:11)
  2 unseen horrors (D:11)
  2 deep elf magi (D:11)
  A manticore (D:11)
  An ugly thing (D:11)
  3 spiny frogs
  A rime drake (Lair:5)
  A freezing wraith (D:11)
  The ghost of brujo666 the Twirler, a novice GrGl of Okawaru (D:5)
  3 blink frogs (Lair:3)
  A slime creature (D:11)
  2 hippogriffs
  2 dream sheep (Lair:5)
  2 wraiths (Lair:5)
  A wyvern (D:11)
  A vampire (D:10)
  3 yaks
  A water moccasin (Lair:5)
  2 porcupines
  An ice beast (D:6)
  An orc warrior (D:8)
  3 sky beasts
  A necrophage (D:9)
  2 phantoms
  2 wolves
  A crocodile (Lair:1)
  A big kobold (D:7)
  A bullfrog (Lair:3)
  A scorpion (D:10)
  An electric eel (Lair:4)
  A crimson imp (D:8)
  A centaur skeleton (D:5)
  A hound zombie (D:9)
  A shadow imp (D:11)
  8 fungi
  2 plants
60 creatures vanquished.

Grand Total: 439 creatures vanquished

Notes
Turn   | Place    | Note
-------+----------+-------------------------------------------
     0 | Abyss:1  | MrRokkomies the Spriggan Abyssal Knight began the quest for the Orb.
     0 | Abyss:1  | Reached XP level 1. HP: 11/11 MP: 3/3
    38 | Abyss:2  | Noticed a tyrant leech
   115 | Abyss:2  | Noticed an ice devil
   118 | Abyss:3  | Found a corrupted altar of Lugonu.
   149 | Abyss:3  | Noticed a large abomination
   159 | Abyss:3  | Noticed a large abomination
   193 | Abyss:3  | Noticed a glowing orange brain
   203 | Abyss:3  | Noticed a blink frog
   203 | Abyss:3  | Noticed a blink frog
   204 | Abyss:3  | Noticed a blink frog
   204 | Abyss:3  | Noticed a blink frog
   204 | D:1      | Escaped the Abyss
   339 | D:1      | Reached skill level 1 in Long Blades
   426 | D:1      | Reached * piety under Lugonu
   435 | D:1      | Reached XP level 2. HP: 6/16 MP: 1/4
   949 | D:1      | Reached XP level 3. HP: 16/19 MP: 1/5
  1243 | D:1      | Identified a scroll of acquirement
  1519 | D:2      | Reached XP level 4. HP: 12/23 MP: 2/6
  2004 | D:2      | Reached skill level 1 in Stealth
  2230 | D:2      | Reached ** piety under Lugonu
  3167 | D:3      | Reached XP level 5. HP: 24/27 MP: 2/7
  3368 | D:3      | Found a runed door.
  3372 | D:3      | Noticed Crazy Yiuf
  3387 | D:3      | Killed Crazy Yiuf
  3387 | D:3      | Reached skill level 5 in Dodging
  3706 | D:4      | Reached XP level 6. HP: 32/32 MP: 2/8
  3757 | D:4      | Found Tadiate's Jewellery Boutique.
  3898 | D:4      | Reached *** piety under Lugonu
  4132 | D:4      | Found a glowing drain.
  4136 | Sewer    | Entered a sewer
  4175 | Sewer    | Noticed Purgy
  4189 | Sewer    | Killed Purgy
  4189 | Sewer    | Reached XP level 7. HP: 31/35 MP: 3/9
  4577 | D:5      | Entered Level 5 of the Dungeon
  4577 | D:5      | Found a hide-covered altar of Uskayaw.
  4730 | D:5      | Found a bloodstained altar of Trog.
  4873 | D:5      | Noticed brujo666's ghost (novice GrGl)
  4905 | D:5      | Banished brujo666's ghost
  4905 | D:5      | Reached skill level 5 in Long Blades
  4905 | D:5      | Reached skill level 5 in Stealth
  4922 | D:5      | Reached **** piety under Lugonu
  4938 | D:5      | Found an iron altar of Okawaru.
  5065 | D:5      | Found an ornate altar of the Wu Jian Council.
  5183 | D:6      | Reached XP level 8. HP: 39/39 MP: 10/10
  5242 | D:6      | Noticed Eustachio
  5295 | D:6      | Killed Eustachio
  5379 | D:6      | Found Zoicriud's Book Shoppe.
  5481 | D:6      | Found a staircase to the Ecumenical Temple.
  5592 | D:6      | Noticed Duvessa
  5592 | D:6      | Noticed Dowan
  5600 | D:6      | Killed Duvessa
  5607 | D:6      | Killed Dowan
  5898 | D:7      | Noticed a kobold demonologist
  5898 | D:7      | Noticed a kobold demonologist
  5946 | D:7      | Noticed a sixfirhy
  6175 | D:7      | Noticed a hippogriff
  6237 | D:7      | Killed a kobold demonologist
  6237 | D:7      | Reached XP level 9. HP: 42/45 MP: 4/12
  6244 | D:7      | Killed a kobold demonologist
  6374 | D:7      | Noticed Menkaure
  6378 | D:7      | Killed Menkaure
  6567 | D:7      | Reached skill level 5 in Fighting
  6591 | D:7      | Learned a level 4 spell: Animate Dead
  6631 | D:7      | Reached ***** piety under Lugonu
  6639 | D:7      | Found a stormy altar of Qazlal.
  6646 | D:7      | Reached skill level 5 in Invocations
  7045 | D:8      | Found a blossoming altar of Fedhas.
  7098 | D:8      | Got a bloodstained spear
  7099 | D:8      | Identified the +8 spear of Moonod {venom, +Inv Int+3 Dex+4} (You found it on level 8 of the Dungeon)
  7231 | D:8      | Reached skill level 1 in Shields
  7803 | D:8      | Found a blossoming altar of Fedhas.
  8503 | D:9      | Reached XP level 10. HP: 49/53 MP: 14/16
  8680 | D:9      | Found Joum's Distillery.
  9216 | D:9      | Found an opulent altar of Gozag.
  9701 | D:10     | Entered Level 10 of the Dungeon
 10777 | D:10     | Noticed Harold
 10789 | D:10     | Killed Harold
 11083 | D:10     | Got a warped falchion
 11130 | D:10     | Learned a level 3 spell: Confuse
 11187 | D:10     | Found Gulifewy's General Store.
 11438 | D:10     | Reached skill level 5 in Shields
 11650 | D:11     | Noticed a two-headed ogre
 11667 | D:11     | Killed a two-headed ogre
 11667 | D:11     | Reached XP level 11. HP: 56/56 MP: 18/18
 11713 | D:11     | Identified the cursed +0 falchion of Extremism {antimagic, rPois} (You found it on level 10 of the Dungeon)
 11812 | D:11     | Found a staircase to the Orcish Mines.
 12122 | D:11     | Found a staircase to the Lair.
 12164 | D:11     | Noticed a four-headed hydra
 12168 | D:11     | Banished a four-headed hydra
 12351 | D:11     | Noticed a brown ugly thing
 12371 | D:11     | Banished a brown ugly thing
 12371 | D:11     | Reached skill level 5 in Hexes
 12735 | D:11     | Noticed a purple ugly thing
 12735 | D:11     | Noticed a death knight
 12735 | D:11     | Noticed an unseen horror
 13027 | D:11     | Banished an unseen horror
 13094 | D:11     | Noticed an unseen horror
 13096 | D:11     | Noticed a two-headed ogre
 13152 | D:11     | Noticed a purple ugly thing
 13182 | D:11     | Banished an unseen horror
 13201 | D:11     | Noticed a deep elf mage
 13229 | D:11     | Banished a deep elf mage
 13292 | D:11     | Noticed a deep elf mage
 13292 | D:11     | Banished a deep elf mage
 13824 | D:11     | Noticed a two-headed ogre
 14005 | D:11     | Killed a death knight
 14028 | D:11     | Banished a two-headed ogre
 14057 | D:11     | Banished a purple ugly thing
 14334 | Lair:1   | Entered Level 1 of the Lair of Beasts
 14792 | Lair:1   | Reached XP level 12. HP: 46/61 MP: 19/19
 15796 | Lair:2   | Learned a level 3 spell: Tukima's Dance
 16160 | Lair:2   | Noticed Gastronok
 16206 | Lair:2   | Killed Gastronok
 16206 | Lair:2   | Reached skill level 10 in Long Blades
 16206 | Lair:2   | Reached skill level 10 in Hexes
 17221 | Lair:3   | Noticed a seven-headed hydra
 17225 | Lair:3   | Reached skill level 1 in Necromancy
 17251 | Lair:3   | Banished a seven-headed hydra
 17519 | Lair:3   | Found a hole to the Spider Nest.
 17753 | Lair:3   | Found a staircase to the Swamp.
 17881 | Lair:3   | Found a transporter.
 18298 | Lair:3   | Found a transporter.
 19397 | Lair:4   | Reached skill level 10 in Stealth
 19830 | D:6      | Bought a book of Enchantments for 700 gold pieces
 20683 | Lair:5   | Reached skill level 5 in Necromancy
 20728 | Lair:5   | Reached XP level 13. HP: 36/65 MP: 16/20
 21078 | Lair:5   | Noticed Josephine
 21084 | Lair:5   | Banished Josephine
 22201 | Lair:6   | Entered Level 6 of the Lair of Beasts
 22527 | Lair:6   | Slain by a catoblepas

Vault maps used:
D:1:      wheals_arrival_linesprint, minmay_pentomino_w4
D:3:      uniq_crazy_yiuf_cottage
D:4:      gup_sewer_entry_spiral, serial_shops, shop
D:5:      overflow_temple_1_default, marbit_many_paths,
          eat_drink_and_be_merry_uskayaw, okawaru_metal_pillars_3, first_ration
D:6:      minmay_temple_entry_mist, serial_shops, nicolae_shop_trees,
          uniq_eustachio, uniq_duvessa
D:7:      nicolae_overflow_crystal_walls, uniq_menkaure
D:8:      lemuel_coloured_pillars_altar, blue_anna_alchemist, fedhas_altar_2
D:9:      serial_shops, kennysheep_little_box, grunt_gozag_statues
D:10:     serial_shops, nicolae_shop_crystal, serial_glass, glass_columns_a,
          glass_columns_b, glass_columns_b, glass_columns_a, uniq_harold
D:11:     minmay_the_grid_square_5x5_4x4_mashed, lair_entry_dummy,
          hiddenorc1_lemuel
Lair:1:   grunt_megastairs_4
Lair:2:   uniq_gastronok
Lair:3:   gammafunk_cloud_chamber, swamp_mist_pool, spider_nest_entry_web_field
Lair:4:   serial_bayou_shore_a, infiniplex_staircase_pool
Lair:5:   uniq_josephine
Lair:6:   grunt_lair_end_beastmaster, slime_altar_2
Abyss:2:  hangedman_stitches_earthworm
Abyss:3:  hangedman_abyss_feature_spike
Sewer:    sewer_big_baddie

Skill      XL: |  1  2  3  4  5  6  7  8  9 10 11 12 13 |
---------------+----------------------------------------+-----
Long Blades    | 1 2 3 4 5 6 7 9 10 | 10.2
Dodging        | 4 5 6 8 9 |  9.2
Stealth        | 2 4 5 6 10 | 10.0
Fighting       | 4 6 |  6.0
Invocations    | 3 6 8 9 |  9.4
Shields        | 2 5 |  5.1
Short Blades   | 3 |  3.7
Hexes          | 2 8 10 | 10.4
Necromancy     | 5 6 |  6.3

Action                   |  1- 3 |  4- 6 |  7- 9 | 10-12 | 13-15 || total
-------------------------+-------+-------+-------+-------+-------++-------
Melee: Scimitar          |    74 |   152 |    29 |    44 |       ||   299
       Short sword       |       |     4 |    38 |       |       ||    42
       Long sword        |       |       |   272 |   899 |   176 ||  1347
       Falchion          |       |       |     8 |       |       ||     8
 Fire: Blowgun           |       |       |    24 |    65 |    25 ||   114
Throw: Throwing net      |       |       |       |     1 |     2 ||     3
 Cast: Confuse           |       |       |       |       |    13 ||    13
Invok: Depart the Abyss  |     1 |       |       |       |       ||     1
       Banish            |       |       |     1 |    19 |     3 ||    23
Evoke: Wand              |       |       |     3 |     2 |     3 ||     8
       Phial of floods   |       |       |       |     1 |       ||     1
  Use: Scroll            |     8 |     2 |    12 |    15 |     2 ||    39
       Potion            |       |     4 |       |    11 |     2 ||    17
 Stab: Sleeping          |     2 |    14 |    17 |    13 |       ||    46
       Distracted        |       |       |     1 |     5 |       ||     6
       Invisible         |       |       |       |     2 |       ||     2
       Held in net/web   |       |       |       |     2 |       ||     2
       Confused          |       |       |       |       |     3 ||     3
  Eat: Ration            |       |     1 |     2 |    12 |     3 ||    18
Armor: Robe              |    11 |    21 |    27 |    54 |     6 ||   119
       Skin              |       |     3 |       |       |       ||     3
Dodge: Dodged            |    77 |   118 |   299 |   568 |   101 ||  1163
Block: Buckler           |       |    45 |   119 |   388 |    60 ||   612
       Rpst.: Scimitar   |    21 |    38 |     8 |     1 |       ||    68
       Long sword        |       |       |    54 |   167 |    23 ||   244
       Falchion          |       |       |     1 |       |       ||     1

Table legend:
 A = Spawn XP
 B = Non-spawn XP
 C = Spawn XP percentage of total XP
 D = Spawn monster count
 E = Non-spawn monster count
 F = Spawn count percentage of total count
 G = Total turns spent on level
                    A         B        C        D         E        F      G
               +---------+---------+-------+---------+---------+-------+---------
         Total |       0 |   44866 |   0.0 |       0 |     433 |   0.0 | 22527
               +---------+---------+-------+---------+---------+-------+---------
           D:1 |       0 |      56 |   0.0 |       0 |      27 |   0.0 |  1063
           D:2 |       0 |     101 |   0.0 |       0 |      26 |   0.0 |  1549
           D:3 |       0 |     156 |   0.0 |       0 |      27 |   0.0 |   861
           D:4 |       0 |     469 |   0.0 |       0 |      20 |   0.0 |   812
           D:5 |       0 |     482 |   0.0 |       0 |      23 |   0.0 |   594
           D:6 |       0 |    1031 |   0.0 |       0 |      19 |   0.0 |   671
           D:7 |       0 |    2089 |   0.0 |       0 |      31 |   0.0 |  1200
           D:8 |       0 |     824 |   0.0 |       0 |      21 |   0.0 |  1724
           D:9 |       0 |    2301 |   0.0 |       0 |      33 |   0.0 |  1147
          D:10 |       0 |    2877 |   0.0 |       0 |      19 |   0.0 |  1945
          D:11 |       0 |    9997 |   0.0 |       0 |      68 |   0.0 |  2755
        Lair:1 |       0 |    2713 |   0.0 |       0 |      14 |   0.0 |  1479
        Lair:2 |       0 |    5294 |   0.0 |       0 |      22 |   0.0 |  1436
        Lair:3 |       0 |    5278 |   0.0 |       0 |      29 |   0.0 |  1478
        Lair:4 |       0 |    1796 |   0.0 |       0 |       9 |   0.0 |  1282
        Lair:5 |       0 |    8649 |   0.0 |       0 |      37 |   0.0 |  1904
        Lair:6 |       0 |     611 |   0.0 |       0 |       2 |   0.0 |   326
         Sewer |       0 |     142 |   0.0 |       0 |       6 |   0.0 |    97
               +---------+---------+-------+---------+---------+-------+---------
